 Dungeon Crawl Stone Soup version 0.17-a0-1572-g7a1422d (console) character file.

2232 Monkaria the Cleaver (level 9, -3/75 HPs)
             Began as a Deep Dwarf Berserker on July 26, 2015.
             Was a Priest of Trog.
             Killed from afar by Harold (36 damage)
             ... with a bolt of fire
             ... on level 11 of the Dungeon.
             The game lasted 00:12:38 (5600 turns).

Monkaria the Cleaver (Deep Dwarf Berserker)         Turns: 5600, Time: 00:12:38

Health: -3/75      AC:  6    Str: 20    XL:     9   Next: 14%
Magic:  8/8        EV:  7    Int:  9    God:    Trog [***...]
Gold:   199        SH:  0    Dex: 15    Spells: 0 memorised, 8 levels left

rFire  . . .     SeeInvis +     t - +0 blowgun
rCold  . . .     Clarity  .     s - +0 ring mail
rNeg   . . .     SustAt   .     (no shield)
rPois  .         Gourm    .     (no helmet)
rElec  .         Spirit   .     (no cloak)
rCorr  .         Warding  .     (no gloves)
rMut   .         Stasis   .     (no boots)
MR     +++..                    (no amulet)
Stlth  +.........               F - ring of flight
                                n - ring of see invisible

@: held, non-regenerating, extremely resistant to hostile enchantments, very
unstealthy
A: damage resistance, recharge devices, sense surroundings 2, slow healing 3
a: Device Recharging, Burn Spellbooks, Berserk, Trog's Hand, Renounce Religion,
Evoke Flight


You were on level 11 of the Dungeon.
You worshipped Trog.
Trog was most pleased with you.
You were not hungry.

You visited 1 branch of the dungeon, and saw 9 of its levels.

You collected 199 gold pieces.

Inventory:

Hand weapons
 a - a +0 hand axe
 i - a +0 war axe
 t - a +0 blowgun (weapon)
Missiles
 g - 20 tomahawks
 u - 41 poisoned needles (quivered)
 H - 8 curare-tipped needles
Armour
 b - a +0 animal skin
 s - a +0 ring mail (worn)
Jewellery
 n - a ring of see invisible (left hand)
 p - an uncursed ring of magical power
 F - a ring of flight (right hand)
Magical devices
 c - a wand of heal wounds (2)
 A - a wand of disintegration (8)
 C - a wand of disintegration (8)
 J - a wand of random effects (26)
Scrolls
 f - 4 scrolls of remove curse
 l - a scroll of enchant armour
 m - a scroll of identify
 r - 2 scrolls of teleportation
 B - 2 scrolls of recharging
 E - a scroll of enchant weapon {unknown}
 G - a scroll of summoning {unknown}
Potions
 e - 2 potions of flight
 h - 4 potions of heal wounds
 k - 4 potions of curing
 o - a potion of lignification
 q - 2 potions of brilliance
 x - a potion of magic
 z - a potion of cancellation
 I - a potion of ambrosia {unknown}
Books
 w - a book of Air

   Spells                             Type                      Level
   a - Shock                          Conjuration/Air              1
   b - Swiftness                      Charms/Air                   2
   c - Repel Missiles                 Charms/Air                   2
   d - Static Discharge               Conjuration/Air              3
   e - Lightning Bolt                 Conjuration/Air              5
   Trog disapproves of the use of such an item.
 y - a book of Minor Magic

   Spells                             Type                      Level
   a - Magic Dart                     Conjuration                  1
   b - Blink                          Translocation                2
   c - Call Imp                       Summoning                    2
   d - Repel Missiles                 Charms/Air                   2
   e - Slow                           Hexes                        2
   f - Conjure Flame                  Conjuration/Fire             3
   g - Mephitic Cloud                 Conjuration/Poison/Air       3
   Trog disapproves of the use of such an item.
Miscellaneous
 D - a plain deck of war
Comestibles
 d - 4 bread rations
 j - 7 meat rations
 v - 7 fruits


   Skills:
 - Level 3.1 Fighting
 + Level 11.6 Axes
 - Level 5.2 Armour
 - Level 5.0 Dodging


You had 8 spell levels left.
You didn't know any spells.

Dungeon Overview and Level Annotations

Branches:
Dungeon (12/15)
 Temple: D:4-7         Lair: D:8-11         Orc: D:9-12

Altars:
Nemelex Xobeh
Sif Muna
The Shining One

Annotations:
D:11 Harold
D:12 Tyryt0's ghost, powerful FoFi


Innate Abilities, Weirdness & Mutations

You are resistant to damage.
You can recharge devices by infusing magical energy.
You passively map the area around you.
You do not heal naturally.


Message History

Use which ability? (? or * to list)
Your skin crawls.
You feel resistant to hostile enchantments.
You feel slightly more hungry.
Harold throws a throwing net.
The throwing net hits you.
You become entangled in the net!
You see here a throwing net.
Firing (i - inventory. (,) - cycle):
u - 41 poisoned needles (quivered)
Press: ? - help, Shift-Dir - straight line, f - Harold
Aim: Harold, wielding a mace of crushing and wearing a runed ring mail
Okay, then.
You try to slip out of the net.
Harold points at you and mumbles some strange words.
The bolt of fire hits you!
You struggle against the net.
Unknown command.
You try to slip out of the net.
Harold gestures at you while chanting. The bolt of fire hits you!
You die...

....###########..............
, ......
.......#.............. ,
...... )......#..............
** #.....#.............. , *
, #.....#.......###### , ,
#.....#.......##* ** ,
#.....'........# ,
**#$....#@.......# ,
.......#.@......#* ≈
.......#........#* ,, , ≈
.......#........# , , ,
..####@#........# , ≈ .
***#.+........# , ,, , ,
,..#........# , ≈≈ ≈, ,, ,
#........# , , , , ≈ , ,
########## , , ,, * , * ,


You could see Harold.

Vanquished Creatures
  A centaur zombie (D:12)
  A deep elf mage (D:9)
  A sky beast (D:5)
  A black bear (D:9)
  2 ice beasts
  2 centaurs
  A big kobold (D:9)
  2 scorpions
  A giant frog (D:11)
  A vampire bat (D:3)
  2 giant frog zombies
  3 crimson imps
  A giant frog skeleton (D:12)
  2 orc wizards
  6 orc priests
  A jelly (D:9)
  2 iguanas
  Terence (D:2)
  3 worker ants
  3 gnolls (D:6)
  13 adders
  An ooze (D:3)
  An adder skeleton (D:5)
  2 worms
  3 fire bats (D:3)
  19 orcs
  2 spectral bats (D:3)
  4 ball pythons
  21 bats
  3 bat skeletons (D:3)
  A bat zombie (D:3)
  6 giant cockroaches
  10 goblins
  9 hobgoblins
  A jackal (D:1)
  18 kobolds
  2 quokkas (D:3)
  A bat simulacrum (D:3)
  3 giant geckos
  4 giant newts
  13 rats
174 creatures vanquished.

Notes
Turn   | Place    | Note
--------------------------------------------------------------
     0 | D:1      | Monkaria the Deep Dwarf Berserker began the quest for the Orb.
     0 | D:1      | Reached XP level 1. HP: 20/20 MP: 1/1
    86 | D:1      | Reached XP level 2. HP: 21/27 MP: 2/2
   268 | D:1      | Reached skill level 4 in Axes
   941 | D:2      | Found a sparkling altar of Nemelex Xobeh.
   956 | D:2      | Noticed Terence
   972 | D:2      | Killed Terence
   972 | D:2      | Reached skill level 5 in Axes
   972 | D:2      | Reached XP level 3. HP: 33/33 MP: 3/3
   977 | D:2      | Found a deep blue altar of Sif Muna.
  1199 | D:2      | Acquired Trog's second power
  1249 | D:2      | Reached XP level 4. HP: 39/42 MP: 4/4
  1907 | D:3      | Reached skill level 6 in Axes
  1907 | D:3      | Reached XP level 5. HP: 29/49 MP: 5/5
  1986 | D:3      | Reached skill level 7 in Axes
  2018 | D:3      | Reached XP level 6. HP: 26/56 MP: 6/6
  3379 | D:4      | Reached skill level 5 in Armour
  3379 | D:4      | Reached XP level 7. HP: 34/62 MP: 7/7
  3472 | D:5      | Entered Level 5 of the Dungeon
  3857 | D:5      | Reached skill level 5 in Dodging
  4183 | D:5      | Reached skill level 8 in Axes
  4183 | D:5      | Reached XP level 8. HP: 46/69 MP: 7/7
  4721 | D:6      | Found a glowing golden altar of the Shining One.
  4858 | D:6      | Reached skill level 9 in Axes
  4963 | D:6      | You fall through a shaft for 3 floors!
  5137 | D:9      | Reached skill level 10 in Axes
  5383 | D:9      | You fall through a shaft for 3 floors!
  5383 | D:12     | Noticed a six-headed hydra
  5388 | D:12     | Noticed a centaur zombie
  5405 | D:12     | Killed a centaur zombie
  5405 | D:12     | Reached skill level 11 in Axes
  5405 | D:12     | Gained mutation: You passively map the area around you. [Deep Dwarf growth]
  5405 | D:12     | Reached XP level 9. HP: 42/75 MP: 8/8
  5428 | D:12     | Noticed Tyryt0's ghost (powerful FoFi)
  5591 | D:11     | Noticed Harold
  5600 | D:11     | Killed from afar by Harold

Vault maps used:
D:1:      dpeg_arrival_shrine, hex_large, st_stairs_9, minmay_misc_feat_alley,
          bh_walls_and_bars
D:2:      lemuel_crystal_altar, nicolae_overflow_crystal_walls, first_bread,
          minmay_misc_feat_encased, uniq_terence
D:3:      forest_paths, minmay_tree_intersection, goddamned_bats
D:6:      kennysheep_mini, grunt_temple_overflow_cloverleaf,
          serial_co_window_serial, co_window_cross_1, co_window_paths_a,
          co_window_of_opportunity_a, co_window_paths_a, co_window_paths_a,
          co_window_corner_a, co_window_paths_a, co_window_unsneaky_path_a,
          co_window_of_opportunity_b, co_window_broadway_c, co_window_paths_d,
          co_window_4corner_b, glass_columns_a, glass_columns_a,
          glass_columns_a, glass_columns_b, minmay_curled_crystal,
          minmay_statues_item, kennysheep_generic_room_3
D:11:     minmay_lair_entry_lava, orc_0_dummy, uniq_harold, uniq_maurice
D:12:     uniq_gastronok

Action                   |  1- 3 |  4- 6 |  7- 9 || total
-------------------------+-------+-------+-------++-------
Melee: Hand axe          |    79 |   334 |   328 ||   741
Throw: Tomahawk          |       |     2 |       ||     2
Invok: Trog's Hand       |       |    10 |    14 ||    24
       Berserk           |       |       |     5 ||     5
 Abil: Device Recharging |       |       |     1 ||     1
Evoke: Wand              |     1 |     4 |     3 ||     8
  Use: Scroll            |       |    10 |     6 ||    16
 Stab: Sleeping          |     3 |     2 |       ||     5
  Eat: Chunk             |     1 |     9 |    12 ||    22
       Beef jerky        |       |       |     1 ||     1
       Fruit             |       |       |     1 ||     1
